 Dungeon Crawl Stone Soup version 0.26.1-11-gd32895ea62 (webtiles) character file.

Game seed: 12077526551035234571

1554 MisterFreud the Nimble (level 8, -1/37 HPs)
             Began as a Felid Abyssal Knight on May 8, 2021.
             Was a Priest of Lugonu.
             Shot with an arrow by a centaur (4 damage)
             ... summoned by a gnoll
             ... on level 8 of the Dungeon.
             The game lasted 00:11:29 (10436 turns).

MisterFreud the Nimble (Felid Abyssal Knight)      Turns: 10436, Time: 00:11:30

Health: -1/37      AC:  2    Str:  8    XL:     8   Next: 57%
Magic:  0/15       EV: 26    Int: 14    God:    Lugonu [***...]
Gold:   423        SH:  0    Dex: 17    Spells: 7/7 levels left
                                        Lives:  0   Deaths: 2

rFire    . . .     SeeInvis +     - Unarmed
rCold    . . .     Faith    .   (shield unavailable)
rNeg     . . .     Spirit   +   (armour unavailable)
rPois    +         Reflect  .   (helmet unavailable)
rElec    .         Harm     .   (cloak unavailable)
rCorr    .         Rampage  .   (gloves unavailable)
Will     +....                  (boots unavailable)
Stlth    ++++......             s - amulet of guardian spirit
HPRegen  0.12/turn              g - ring of stealth
MPRegen  0.14/turn              A - ring of poison resistance

@: quick
A: very small, no armour, no weapons or thrown items, stealth, claws 1, fangs 3,
see invisible, speed 1, shaggy fur 2, sharp paws
a: Renounce Religion, Depart the Abyss, Bend Space, Banish


You were on level 8 of the Dungeon.
You worshipped Lugonu.
Lugonu was most pleased with you.
You visited 2 branches of the dungeon, and saw 9 of its levels.
You visited the Abyss 1 time.

You collected 449 gold pieces.
You spent 26 gold pieces at shops.

Inventory:

Jewellery
 c - an uncursed amulet of reflection
 g - a ring of stealth (left paw)
 s - an amulet of guardian spirit (around neck)
 A - a ring of poison resistance (right paw)
Wands
 j - a wand of random effects (8)
 k - a wand of flame (13)
 v - a wand of acid (9)
 B - a wand of paralysis (6)
Scrolls
 a - a scroll of noise {unknown}
 f - 6 scrolls of remove curse
 h - a scroll of magic mapping {unknown}
 i - a scroll of random uselessness {unknown}
 n - a scroll of enchant weapon {unknown}
 q - 2 scrolls of blinking
 r - 2 scrolls of teleportation
 u - 2 scrolls of immolation {unknown}
 x - 4 scrolls of amnesia {unknown}
 y - a scroll of fear {unknown}
Potions
 b - 4 potions of haste
 d - 3 potions of attraction
 e - 4 potions of curing
 l - a potion of heal wounds
 m - 2 potions of mutation
 o - 2 potions of brilliance
 p - a potion of flight
 t - 2 potions of lignification
 w - a potion of resistance
 z - a potion of magic {unknown}


   Skills:
 - Level 5.0 Fighting
 + Level 10.0 Dodging
 + Level 5.2 Stealth
 + Level 5.1 Unarmed Combat
 - Level 8.0 Invocations


You had 7 spell levels left.
You didn't know any spells.
Your spell library contained the following spells:

 Spells                   Type           Power        Failure   Level
 Magic Dart               Conj           0%           28%         1
 Searing Ray              Conj           0%           41%         2
 Dazzling Flash           Conj/Hex       0%           65%         3
 Fulminant Prism          Conj/Hex       0%           96%         4
 Iskenderun's Mystic Bla  Conj/Tloc      0%           96%         4


Dungeon Overview and Level Annotations

Branches:
Dungeon (8/15)             Temple (1/1) D:5
   Lair: D:8-11

Altars:
Ashenzari
Dithmenos
Nemelex Xobeh
Okawaru
Qazlal
Ru
Uskayaw
Vehumet
Yredelemnul

Shops:
D:4 (*

Annotations:
D:2 Robin
D:4 1 runed translucent door, Menkaure; kthxbai's ghost, novice OpTm
D:5 Pikel


Innate Abilities, Weirdness & Mutations

You cannot wear armour.
You are incapable of wielding weapons or throwing items.
Your paws allow you to move quietly. (Stealth)
You have sharp claws.
You have razor-sharp teeth.
You have supernaturally acute eyesight. (SInv)
You cover ground quickly.
You are covered in thick fur. (AC +2)
Your sharp claws are effective at attacking unaware monsters.


Message History

The centaur closely misses you. The ice beast misses you.
The gnoll sergeant hits you with a +3 vampiric trident.
The gnoll sergeant draws strength from your wounds!
The gnoll barely misses you.
You closely miss the gnoll sergeant.
The gnoll sergeant is moderately wounded.
The centaur misses you. The centaur hits you!
* * * LOW HITPOINT WARNING * * *
The ice beast hits you.
* * * LOW HITPOINT WARNING * * *
The ice beast freezes you.
* * * LOW HITPOINT WARNING * * *
Unknown command.
Unknown command.
The gnoll completely misses you. The gnoll sergeant misses you.
The centaur wields a +0 shortbow.
The centaur shoots an arrow.
The arrow misses you.
The arrow dissolves into shadows!
The gnoll completely misses you.
The centaur shoots an arrow.
The arrow hits you!
You die...

.. .... #. #### ...#
#.##..###...#
..........#...........#
.........#...........# .
#........#....Ygg....#
o.#........#.....c.....#
...........#.....####### #+##
#........+....@##....##...###
#........#...................
#.<)g# ########....<.......
#...g# ##....>.......
........# +.............
..........# ##....#####..#
..........# #....# .#
..........# #....... h
<.........# #......)#


You could see an ice beast (summoned), a gnoll sergeant, a centaur (summoned)
and a gnoll.

Vanquished Creatures
  Joseph (D:7)
  A hornet (D:7)
  Sigmund (D:3)
  A water moccasin (D:5)
  A phantom (D:7)
  A sky beast (D:7)
  2 ogres
  2 centaurs (D:7)
  3 lemures (D:5)
  Blork the orc (D:4)
  A bullfrog (D:6)
  A water moccasin skeleton (D:8)
  A scorpion (D:6)
  A howler monkey (D:7)
  A jelly (D:6)
  A bullfrog zombie (D:6)
  3 centaur zombies
  2 hounds
  Crazy Yiuf (D:2)
  2 orc priests
  A bullfrog skeleton (D:4)
  6 orc wizards
  2 iguanas
  Natasha (thrice) (D:2)
  9 worker ants
  A hound skeleton (D:7)
  2 gnolls
  12 adders
  A howler monkey skeleton (D:6)
  2 shadow imps
  2 white imps (D:6)
  3 ufetubi
  2 oozes
  An adder zombie (D:6)
  3 adder skeletons
  2 dart slugs
  4 leopard geckos
  15 orcs
  2 ball pythons
  6 bats
  8 giant cockroaches
  7 goblins
  2 hobgoblins
  15 jackals
  8 kobolds
  2 quokkas
  2 frilled lizards
  7 rats
158 creatures vanquished.

Vanquished Creatures (others)
  10 plants (D:5)
10 creatures vanquished.

Grand Total: 168 creatures vanquished

Notes
Turn   | Place    | Note
-------+----------+-------------------------------------------
     0 | Abyss:1  | MisterFreud the Felid Abyssal Knight began the quest for
                  | the Orb.
     0 | Abyss:1  | Reached XP level 1. HP: 10/10 MP: 3/3
    31 | Abyss:1  | Noticed an ancient zyme
    32 | D:1      | Escaped the Abyss
    92 | D:1      | Reached skill level 1 in Stealth
   102 | D:1      | Reached XP level 2. HP: 14/14 MP: 4/4
   456 | D:1      | Reached * piety under Lugonu
  1078 | D:1      | Reached XP level 3. HP: 17/17 MP: 5/5
  1520 | D:2      | Noticed Natasha
  1535 | D:2      | Killed Natasha
  1536 | D:2      | Reached XP level 4. HP: 2/21 MP: 6/6
  1832 | D:2      | Noticed Natasha
  1851 | D:2      | Killed Natasha
  1879 | D:2      | Found a runed translucent door.
  1880 | D:2      | Noticed Crazy Yiuf
  2082 | D:2      | Noticed Natasha
  2091 | D:2      | Killed Natasha
  2320 | D:2      | Noticed Robin
  2344 | D:2      | Reached XP level 5. HP: 21/24 MP: 7/7
  2693 | D:2      | Killed Crazy Yiuf
  2694 | D:2      | Reached skill level 5 in Stealth
  2929 | D:3      | Noticed Sigmund
  2940 | D:3      | Killed Sigmund
  2941 | D:3      | Reached skill level 5 in Unarmed Combat
  2941 | D:3      | Reached skill level 4 in Dodging
  2941 | D:3      | Gained mutation: You are covered in thick fur. (AC +2)
                  | [Felid growth]
  2941 | D:3      | Reached XP level 6. HP: 28/28 MP: 8/8
  3010 | D:3      | Reached skill level 5 in Dodging
  3411 | D:3      | Found a broken altar of Ashenzari.
  3475 | D:3      | Reached ** piety under Lugonu
  3746 | D:4      | Reached skill level 6 in Dodging
  3766 | D:4      | Noticed Menkaure
  3972 | D:4      | You fall into a shaft and drop 2 floors!
  3988 | D:5      | Entered Level 5 of the Dungeon
  4021 | D:5      | Found a staircase to the Ecumenical Temple.
  4172 | D:4      | Found a runed translucent door.
  4179 | D:4      | Noticed kthxbai's ghost (novice OpTm)
  4327 | D:4      | Found Wiuhurit's Antique Weapon Boutique.
  4437 | D:4      | Reached XP level 7. HP: 31/31 MP: 9/9
  4451 | D:4      | Reached skill level 7 in Dodging
  4787 | D:4      | Noticed Blork the orc
  4803 | D:4      | Killed Blork the orc
  4881 | D:4      | Found Ceafuir's General Store.
  4884 | D:4      | Bought a scroll of identify for 26 gold pieces
  5055 | D:4      | Reached skill level 8 in Dodging
  5903 | D:5      | Reached skill level 9 in Dodging
  6175 | D:5      | Reached XP level 8. HP: 29/34 MP: 7/11
  6290 | D:5      | Noticed Pikel
  7709 | D:6      | Found a shadowy altar of Dithmenos.
  8157 | D:5      | Found a hide-covered altar of Uskayaw.
  8316 | D:5      | Reached skill level 10 in Dodging
  8398 | D:5      | Found a sacrificial altar of Ru.
  8788 | D:5      | HP: 1/36 [Pikel/+1 whip of flaming (4)]
  8788 | D:5      | Slain by Pikel
  8789 | D:5      | Reached XP level 7. HP: -2/33 MP: 0/11
  8844 | Temple   | Entered the Ecumenical Temple
  8968 | D:7      | Noticed Joseph
  9005 | D:7      | Slain by Joseph
  9006 | D:7      | Reached XP level 6. HP: -5/29 MP: 0/10
  9125 | D:7      | Reached skill level 5 in Invocations
  9125 | D:7      | Reached XP level 7. HP: 19/33 MP: 9/11
  9198 | D:7      | Reached *** piety under Lugonu
  9337 | D:7      | Killed Joseph
  9338 | D:7      | Reached skill level 5 in Fighting
  9615 | D:7      | Found a sparkling altar of Nemelex Xobeh.
  9706 | D:7      | Noticed a hornet
  9718 | D:7      | Killed a hornet
  9719 | D:7      | Reached XP level 8. HP: 25/37 MP: 8/14
 10436 | D:8      | Shot with an arrow by a centaur

Illustrated notes

Levels and vault maps discovered:
D:1:      dpeg_arrival_leaves_temple_mockup, layout_basic, grunt_decor_fettered,
          bh_walls_and_bars
D:2:      layout_basic, nicolae_overflow_hidden_temple, uniq_crazy_yiuf_cottage,
          uniq_natasha, uniq_robin
D:3:      layout_loops_ring, ashenzari_altar_1, uniq_sigmund
D:4:      layout_basic, ebering_ghost_reflecting_pool, serial_shops,
          kennysheep_mini_moat, shop, uniq_blork_the_orc, uniq_menkaure
D:5:      layout_gridville, minitemple, minmay_temple_entry_wispy,
          serial_bayou_pond_c, uniq_pikel
D:6:      layout_basic, kennysheep_mini
D:7:      layout_loops_cross, old_standard_altar, minmay_misc_feat_hallway,
          hangedman_abyss_or_decor_stabs, eino_small_chamber_without_monster,
          uniq_joseph
D:8:      layout_gridville, lemuel_round_altar, nicolae_overflow_crystal_walls
Temple:   zaba_magenta_temple

Skill      XL: |  1  2  3  4  5  6  7  8 |
---------------+-------------------------+-----
Stealth        | 1 2 3 4 5 |  5.2
Unarmed Combat | 3 5 |  5.1
Dodging        | 4 6 9 10 | 10.0
Invocations    | 5 7 8 |  8.0
Fighting       | 5 4 |  5.0

Action                   |  1- 3 |  4- 6 |  7- 9 || total
-------------------------+-------+-------+-------++-------
Melee: Unarmed           |    90 |   176 |   504 ||   770
       Bite              |    12 |    13 |    40 ||    65
       Punch             |       |     5 |     7 ||    12
Invok: Depart the Abyss  |     1 |       |       ||     1
  Use: Scroll            |       |     5 |     8 ||    13
 Stab: Sleeping          |     5 |    11 |    17 ||    33
       Distracted        |       |     1 |     2 ||     3
Armor: Skin              |     1 |     7 |    15 ||    23
Dodge: Dodged            |    68 |   118 |   424 ||   610
Block: Other             |     5 |    21 |       ||    26
       Reflection        |     1 |     1 |       ||     2
